AoeStats
← Ashen One

Arabian Desert

516371601Analyzed
1v1 RM · 12d ago on Oct 25, 2026· 30m 22s· 2 players
Game mode
Random Map
Map size
Tiny (2 player)
Population
200
Speed
Normal
Resources
Standard
Victory
Conquest
Starting age
Dark Age
Ending age
Imperial Age
RankedLock teamsTeams togetherTeam positionsShared explorationLock speedFull tech treeHidden civsTurbo modeCheats
Victory
Defeat
🇦🇷 Mongols · Argentina
1286
+14
vs
🇷🇺 Franks · Russia
1251
-14
Ashen One
6:19 Loom
10:33 Feudal Age
11:14 Double-Bit Axe
26:29 Castle Age
25:34 Fletching
jonyary10
6:00 Loom
10:38 Feudal Age
19:51 Fletching
22:40 Wheelbarrow
25:07 Castle Age
24:04 Padded Archer Armor
24:28 Horse Collar
25:45 Bloodlines
25:43 Scale Barding Armor
25:49 Forging
26:04 Double-Bit Axe
27:06 Bow Saw
Connection lost

Rejoining the realm…

Still unreachable

The connection could not be restored.

Session expired

The server has moved on; the page needs a fresh start.